 Dungeon Crawl Stone Soup version 0.20.1-1-g8b1a95d (webtiles) character file.

23 vatarom the Caller (level 2, -4/25 HPs)
             Began as a Draconian Summoner on Sept 7, 2017.
             Slain by a leopard gecko (5 damage)
             ... on level 2 of the Dungeon.
             The game lasted 00:02:41 (1254 turns).

vatarom the Caller (Draconian Summoner)             Turns: 1254, Time: 00:02:41

Health: -4/25      AC:  4    Str: 10    XL:     2   Next: 72%
Magic:  2/5        EV: 12    Int: 15    God:
Gold:   23         SH:  0    Dex: 11    Spells: 2/5 levels left

rFire    . . .     SeeInvis .   (no weapon)
rCold    . . .     Gourm    .   (no shield)
rNeg     . . .     Faith    .   (armour unavailable)
rPois    .         Spirit   .   (helmet restricted)
rElec    .         Reflect  .   (no cloak)
rCorr    .         Harm     .   (no gloves)
MR       .....                  (no boots)
Stlth    ++........             (no amulet)
Regen    0.1/turn               (no ring)
MPRegen  0.1/turn               (no ring)

@: no status effects
A: unfitting armour, cold-blooded, AC +4
a: no special abilities


You were on level 2 of the Dungeon.
You were hungry.

You visited 1 branch of the dungeon, and saw 2 of its levels.

You collected 23 gold pieces.

Inventory:

Potions
 e - a potion of ambrosia
Books
 a - a book of Callings

   Spells                             Type                      Level
   a - Summon Small Mammal            Summoning                    1
   b - Call Imp                       Summoning                    2
   c - Call Canine Familiar           Summoning                    3
   d - Summon Guardian Golem          Hexes/Summoning              3
   e - Summon Lightning Spire         Summoning/Air                4
   f - Summon Ice Beast               Ice/Summoning                4
Comestibles
 b - a bread ration
 c - 2 chunks of flesh


   Skills:
 + Level 2.7 Fighting
 - Level 1.7 Dodging
 - Level 1.7 Stealth
 - Level 2.0 Spellcasting
 - Level 4.0 Summonings


You had 2 spell levels left.
You knew the following spells:

 Your Spells              Type           Power        Failure   Level  Hunger
a - Summon Small Mammal   Summ           ##..         4%          1    #......
b - Call Imp              Summ           ##......     6%          2    ###....


Dungeon Overview and Level Annotations

Branches:
Dungeon (2/15)

Altars:
Yredelemnul


Innate Abilities, Weirdness & Mutations

Your plain brown scales are hard. (AC +4)
You cannot fit into any form of body armour.
You are cold-blooded and may be slowed by cold attacks.


Message History

The hobgoblin dies!
Your crimson imp blinks!
You hit the leopard gecko. You tail-slap the leopard gecko.
The leopard gecko is moderately wounded.
The leopard gecko bites you.
* * * LOW HITPOINT WARNING * * *
Unknown command.
The leopard gecko bites you but does no damage.
Your crimson imp hits the leopard gecko.
Your crimson imp closely misses the leopard gecko.
The leopard gecko closely misses your crimson imp.
Your crimson imp closely misses the leopard gecko.
Your crimson imp closely misses the leopard gecko.
Your crimson imp blinks!
The leopard gecko misses you.
Your crimson imp closely misses the leopard gecko.
Your crimson imp disappears in a puff of smoke!
Your crimson imp closely misses the leopard gecko.
The leopard gecko bites you.
You die...

###### #....# ####
#....#
...#############....#
...†.............l5.#
.)..##.#####...#@...#
##..##.§.....###....#
#.....$...### #....#
.##.....##.# ######
..##..#### #
.....)####
#.##....<##
#.........#
####..#.#.#


You could see a leopard gecko and a friendly crimson imp.

Vanquished Creatures
  A ball python (D:1)
  2 bats
  A goblin (D:1)
  2 kobolds
  A frilled lizard (D:1)
  2 rats (D:1)
9 creatures vanquished.

Vanquished Creatures (collateral kills)
  A worm (D:2)
  3 leopard geckos
  A goblin (D:1)
  2 hobgoblins
  A frilled lizard (D:2)
  3 kobolds
11 creatures vanquished.

Grand Total: 20 creatures vanquished

Notes
Turn   | Place    | Note
-------+----------+-------------------------------------------
     0 | D:1      | vatarom the Draconian Summoner began the quest for the Orb.
     0 | D:1      | Reached XP level 1. HP: 14/14 MP: 3/3
   446 | D:1      | Reached skill level 1 in Fighting
   792 | D:1      | Reached XP level 2. HP: 17/24 MP: 3/5
   796 | D:1      | Learned a level 2 spell: Call Imp
  1058 | D:2      | Found a basalt altar of Yredelemnul.
  1233 | D:2      | HP: 1/25 [hobgoblin/club (4)]
  1247 | D:2      | HP: 1/25 [leopard gecko (2)]
  1254 | D:2      | Slain by a leopard gecko

Skill      XL: |  1  2 |
---------------+-------+-----
Fighting       | 1 2 |  2.7
Dodging        | |  1.7
Stealth        | |  1.7
Spellcasting   | |  2.0
Summonings     | |  4.0

Action                   || total
-------------------------++-------
Melee: Unarmed           ||    82
       Tailslap          ||     7
 Cast: Summon Small Mamm ||     7
       Call Imp          ||     7
  Use: Scroll            ||     4
       Potion            ||     2
 Stab: Distracted        ||     1
  Eat: Chunk             ||     1
Armor: Skin              ||    28
Dodge: Dodged            ||    76
